[Event "*** SCC Grand Prix: Titled Tuesday Blitz"]
[Site "Chess.com"]
[Date "2020.07.21"]
[Round "5"]
[White "Aronyak1"]
[Black "Oleksandr_Bortnyk"]
[Result "1-0"]
[WhiteElo "2798"]
[BlackElo "2932"]
[TimeControl "180+1"]
[EndTime "10:57:37 PDT"]
[Termination "Aronyak1 won on time"]

1. d4 Nf6 2. Bf4 b6 3. Nf3 Bb7 4. e3 d6 5. h3 Nbd7 6. Nbd2 g6 7. Be2 Bg7 8. O-O O-O 9. a4 a6 10. a5 b5 11. c3 c5 12. Bh2 Rc8 13. Bd3 Re8 14.
e4 e5 15. d5 c4 16. Bc2 Nc5 17. Qe2 Nh5 18. Qe3 Rf8 19. g4 Nf6 20. Kg2 Qd7 21. Bg3 h5 22. g5 Nh7 23. b4 cxb3 24.
Nxb3 Nxb3 25. Bxb3 f5 26. gxf6 Rxf6 27. Rac1 Rcf8 28. Nh4 Qd8 29. Qb6 Qd7 30. Qe3 Bc8 31. Rh1 Qf7 32. c4 Bh6 33. Qxh6 g5 34. Qxf8+ Qxf8 35.
Nf5 Bxf5 36. exf5 h4 37. Bh2 Rxf5 38. Rhf1 Rf3 39. Bd1 Rd3 40. cxb5 axb5 41. Bg4 Qf6 42. a6 Ra3 43. Ra1 Rxa1 44. Rxa1 Qd8 45. a7 Qa8 46. Kg1 Nf6 47. Be6+ Kg7 48. f3 b4 49. Kg2 b3 50. Bg1 Ne8 51. Rb1 Nc7 52. Rxb3 Qd8 53. Rb8 Qf6 54. a8=Q Nxa8 55. Rxa8 e4 56. Ra7+ Kh6 57.
fxe4 Qb2+ 58. Bf2 Qc2 59. Bf5 g4 60. Rh7+ Kg5 61. Rg7+ Kf6 62. Rxg4 Ke5 63. Kf3 Qd1+ 64. Kg2 Qe2 65. Rxh4 Qd2 66. Rg4 Kf6 67. h4 Ke5 68.
h5 Qh6 69. Bg3+ Kd4 70. Bf2+ Ke5 71. Rh4 Qg5+ 72. Bg3+ Kd4 73. h6 Qd2+ 74. Kh3 Qd1 75. h7 Ke3 76. h8=Q Qh1+ 77. Kg4 Qf3+ 78. Kg5 Qxg3+ 79.
Kf6 Qe5+ 80. Kf7 Qg3 81. Qh6+ Kd4 82. Qg7+ Qe5 83. Qxe5+ Kxe5 84. Ke7 Kd4 85. Kxd6 Ke3 86. e5 Kf3 87. Re4 Kg3 88. e6 Kf3 89. e7 Kg3 90. e8=Q Kf3 91. Qe7 Kg3 92. Qh4+ Kf3 93. Qg4+ 1-0

[Event "*** SCC Grand Prix: Titled Tuesday Blitz"]
[Site "Chess.com"]
[Date "2020.07.21"]
[Round "5"]
[White "Azatic"]
[Black "sasko1234"]
[Result "1/2-1/2"]
[WhiteElo "2542"]
[BlackElo "2388"]
[TimeControl "180+1"]
[EndTime "10:57:37 PDT"]
[Termination "Game drawn - insufficient material"]

1. e4 d6 2. d4 Nf6 3. Nc3 c6 4. f4 Qa5 5. Qd2 e5 6. dxe5 dxe5 7.
fxe5 Ng4 8. Nf3 Nxe5 9. Qg5 Nxf3+ 10. gxf3 Qxg5 11. Bxg5 Be7 12. Bxe7 Kxe7 13. Rg1 g6 14.
Rd1 Be6 15. Kf2 Nd7 16. Ke3 Rad8 17. Be2 Nc5 18. Rg5 Rxd1 19. Bxd1 Nd7 20. h4 Rd8 21. Be2 f6 22. Rg1 Bf7 23. f4 Nc5 24. Rh1 Ne6 25. h5 g5 26. fxg5 Nxg5 27. h6 Bg6 28. Rf1 b5 29.
Bd3 a6 30. Ne2 Nf7 31. Nd4 Rc8 32. Rh1 c5 33. Nf3 c4 34. Be2 Ne5 35. Nxe5 fxe5 36. Bg4 Rf8 37. b3 Rf4 38. Bf3 cxb3 39. axb3 Rf6 40.
Ra1 Rc6 41. Kd2 Bf7 42. Rh1 Bg6 43. Bg2 Bf7 44. Bf3 Rf6 45. Ke3 Rg6 46. Rh2 Rf6 47. b4 Bc4 48. c3 Bf7 49. Bg4 Rc6 50. Kd2 Bg6 51. Kd3 Rd6+ 52. Ke3 Rc6 53. Bf5 Bxf5 54. exf5 Rxc3+ 55. Ke4 Kf6 56. Rd2 Rc4+ 57. Kf3 Rc7 58. Rd6+ Kxf5 59. Rxa6 Rc3+ 60. Ke2 Rc4 61. Ra7 Rxb4 62.
Rxh7 Rh4 63. Ke3 Rh3+ 64. Ke2 b4 65. Rb7 b3 66. h7 Ke4 67. Rb4+ Kf5 68. Rb5 Ke4 69.
Rb4+ Kf5 70. Rb7 e4 71. Kf2 Kf4 72. Rf7+ Ke5 73. Rb7 Kd4 74. Kg2 Rh6 75. Rxb3 Rxh7 76. Kf2 Rf7+ 77. Ke2 Ke5 78. Ra3 Kf4 79. Ra5 Rc7 80.
Rh5 Rb7 81. Kd1 Ke3 82. Rh3+ Kd4 83. Ra3 Kd5 84. Ke2 Kd4 85. Ra4+ Ke5 86. Ra3 Rb4 87. Ke3 Rb5 88. Rc3 Rd5 89. Ra3 Rd3+ 90. Rxd3 exd3 91. Kxd3 1/2-1/2

[Event "*** SCC Grand Prix: Titled Tuesday Blitz"]
[Site "Chess.com"]
[Date "2020.07.21"]
[Round "5"]
[White "doons21"]
[Black "Zhani-Z"]
[Result "1-0"]
[WhiteElo "2637"]
[BlackElo "2420"]
[TimeControl "180+1"]
[EndTime "10:57:39 PDT"]
[Termination "doons21 won by resignation"]

1. e4 e5 2. Nf3 Nc6 3. Bb5 a6 4. Ba4 d6 5. O-O Bd7 6. c3 g6 7. Re1 Bg7 8. d4 Nf6 9. dxe5 Nxe5 10. Nxe5 dxe5 11. Bg5 Bxa4 12. Qxa4+ Qd7 13. Qc2 O-O 14. Bxf6 Bxf6 15. Nd2 Rad8 16. Nf3 Qe6 17. Qb3 Qxb3 18. axb3 Rd7 19. Ra5 Re8 20. b4 Bg7 21. Kf1 c6 22. g4 f6 23. Ke2 Bf8 24. g5 Kf7 25. gxf6 Kxf6 26. Rd1 Rxd1 27. Kxd1 Bd6 28. Ke2 Bc7 29. Ra1 Ke7 30. Nd2 Rf8 31. f3 Rf4 32. Rg1 Rh4 33. Rg2 Ke6 34. Nc4 b5 35. Nd2 a5 36.
bxa5 Bxa5 37. b4 Bb6 38. Nf1 Rf4 39. Rg4 Rf8 40. h4 Ra8 41. h5 Ra2+ 42. Nd2 Kf6 43. hxg6 hxg6 44. Kd3 Ra1 45. Rh4 Re1 46. Rh8 Re3+ 47. Kc2 Re2 48. Kd1 Rf2 49. Rc8 Be3 50.
Rxc6+ Kg5 51. Nb3 Rxf3 52. Ke2 Rh3 53. Re6 Bf4 54. Nc5 Rxc3 55. Nd3 Rc4 56. Kf3 Rc3 57.
Ke2 Rb3 58. Rb6 Rc3 59. Rxb5 Kf6 60. Rb6+ Kg5 61. Re6 Rc4 62. Kf3 Rc3 63. Rd6 Kh5 64. Ke2 g5 65. Rd5 Rc4 66. Kf3 g4+ 67. Ke2 Kh4 68.
b5 Rxe4+ 69. Kf1 Rc4 70. b6 Rc3 71. Nb4 Rb3 72. Rb5 e4 73. b7 e3 74. b8=Q Rb1+ 75. Ke2 Bxb8 76. Rxb8 Rb3 77. Rh8+ Kg3 78. Nd3 Rb2+ 79. Nxb2 Kf4 80. Rf8+ Kg3 81. Nd3 Kg2 82. Kxe3 g3 83. Rg8 1-0

[Event "*** SCC Grand Prix: Titled Tuesday Blitz"]
[Site "Chess.com"]
[Date "2020.07.21"]
[Round "5"]
[White "RoelandPruijssers"]
[Black "Semen_Khanin"]
[Result "0-1"]
[WhiteElo "2572"]
[BlackElo "2735"]
[TimeControl "180+1"]
[EndTime "10:57:46 PDT"]
[Termination "Semen_Khanin won on time"]

1. e4 c5 2. Nf3 e6 3. d4 cxd4 4. Nxd4 Nc6 5. Nc3 Qc7 6. g3 d6 7.
Bg2 Bd7 8. O-O a6 9. Re1 Nf6 10. Nxc6 Bxc6 11. Nd5 Qd8 12. Bg5 Be7 13. Nxe7 Qxe7 14. Qd3 Rd8 15. Rad1 h6 16. Bd2 Nd7 17. Ba5 b6 18. Qxa6 Ra8 19. Qc4 Ne5 20. Qc3 Rxa5 21.
f4 Rc5 22. Qd4 Nd7 23. Qxg7 Qf6 24. Qxf6 Nxf6 25. Rxd6 Ke7 26. Rd2 e5 27. c3 h5 28. h3 h4 29. fxe5 Nd7 30. g4 Nxe5 31. Rf1 Bd7 32. Rd4 Be6 33. a3 Nc4 34. Rf2 Rb5 35.
Bf1 Rc5 36. Bxc4 Bxc4 37. Rf5 Be6 38. Rf2 Rhc8 39. Rfd2 Re5 40. Kf2 Kf6 41. Ke3 Kg5 42. Rf2 Re8 43. c4 Bc8 44. b3 f6 45. a4 Bb7 46. Rf4 R8e7 47. Kf3 Bc6 48. Ke3 R5e6 49. Rf5+ Kg6 50. Rf4 Re5 51. Kf3 R5e6 52. Ke3 Rd7 53.
Rxd7 Bxd7 54. Rf5 Rd6 55. Rh5 Be6 56. Rxh4 Rd1 57. Rh8 Re1+ 58. Kd4 Rb1 59. Kc3 Rc1+ 60. Kb4 Re1 61. Rb8 Rxe4 62. Rxb6 Kg5 63. a5 Bc8 64. Rc6 Bb7 65. Rc7 Ba8 66. a6 Re1 67. Rc8 Bg2 68.
Kc5 Ra1 69. Kb5 Bxh3 70. Rg8+ Kf4 71. Rf8 Ke5 72. Re8+ Kd6 73. Rf8 Ke7 74. Rg8 Kf7 75. Rb8 Bxg4 76. a7 Bf3 77. Kb6 f5 78. c5 f4 79. c6 Bxc6 80. Kxc6 Rxa7 81. Rb4 Ke6 82. Rxf4 Ra6+ 0-1

[Event "*** SCC Grand Prix: Titled Tuesday Blitz"]
[Site "Chess.com"]
[Date "2020.07.21"]
[Round "5"]
[White "Gulkov_Igor"]
[Black "Richarzard69"]
[Result "0-1"]
[WhiteElo "2371"]
[BlackElo "2219"]
[TimeControl "180+1"]
[EndTime "10:57:50 PDT"]
[Termination "Richarzard69 won on time"]

1. Nf3 Nf6 2. c4 c5 3. Nc3 Nc6 4. d4 cxd4 5. Nxd4 g6 6. e4 Bg7 7. Be3 O-O 8. Be2 d6 9. O-O Nxd4 10. Bxd4 Bd7 11. Qd2 a6 12. f3 Rb8 13. Rfd1 b5 14. cxb5 axb5 15. Rac1 b4 16. Nd5 Nxd5 17. exd5 Bxd4+ 18. Qxd4 Qa5 19. Bc4 Bb5 20. Re1 Bxc4 21. Qxc4 Rfc8 22. Qxc8+ Rxc8 23. Rxc8+ Kg7 24. Rxe7 Qxa2 25.
Re2 Qxd5 26. Rcc2 b3 27. Rcd2 Qc5+ 28. Kf1 h5 29. Rd3 Qc1+ 30. Kf2 Qc5+ 31. Kf1 Qc1+ 32. Kf2 Qc4 33. Red2 h4 34. Rxd6 Qc5+ 35. R6d4 h3 36. gxh3 Qf5 37. R4d3 Qxh3 38. Ke3 Qe6+ 39. Kd4 Qd6+ 40.
Kc3 Qb6 41. Kc4 Qe6+ 42. Kb4 Qb6+ 43. Ka3 Qb5 44. Rc3 g5 45. Rd4 Qe2 46. Kxb3 Qxh2 47. Rg4 Qb8+ 48. Kc2 f6 49. Rgc4 Qe5 50. b4 Qe2+ 51.
Kb3 Qe6 52. b5 Kg6 53. Kb4 Qd6+ 54. Rc5 Kh5 55. Ka5 Qd8+ 56. b6 Kh4 57. Ka6 Qa8+ 58.
Kb5 Kg3 59. Rc6 f5 60. Rc7 Qd5+ 61. R3c5 Qb3+ 62. Kc6 Qa4+ 63. Kd6 Qd4+ 64. Ke6 f4 65. b7 Qe3+ 66. Kf5 Qb3 67. Kxg5 Qb6 68. Rc3 Qb5+ 69. Kf6 Qb6+ 70. Ke7 Qb5 71. Kd6 Qb4+ 72. Kd7 Qb5+ 73.
Kd8 Qd5+ 74. Rd7 Qb5 75. Kc8 Qa6 76. Kc7 Qa5+ 77. Kc8 Qa6 78. Rc6 Qa5 79. Rdc7 Qd5 0-1

[Event "*** SCC Grand Prix: Titled Tuesday Blitz"]
[Site "Chess.com"]
[Date "2020.07.21"]
[Round "5"]
[White "124chess"]
[Black "Grischuk"]
[Result "0-1"]
[WhiteElo "2683"]
[BlackElo "3035"]
[TimeControl "180+1"]
[EndTime "10:57:54 PDT"]
[Termination "Grischuk won by resignation"]

1. e4 c5 2. Nf3 d6 3. d4 cxd4 4. Qxd4 Nf6 5. c4 g6 6. h3 Bg7 7. Be2 O-O 8. O-O b6 9. Qe3 Bb7 10. Nc3 Nbd7 11. Rd1 Qb8 12. Rb1 Nc5 13. Nd2 a6 14. b4 Ncd7 15. Bb2 e6 16. a3 Re8 17. Qg3 Qc7 18. f4 Rad8 19. Kh1 Qb8 20. Bd3 Bc6 21. Nb3 Ba8 22. Qf2 h6 23. Rd2 g5 24. fxg5 hxg5 25. Qg3 Nh7 26. Rf1 Ne5 27. Ne2 Qc7 28. Ned4 g4 29.
hxg4 Qe7 30. Nf3 Nf8 31. Nxe5 dxe5 32. Kg1 Ng6 33. Rdf2 Rf8 34. Bb1 Qg5 35. Bc1 Qh4 36. Qxh4 Nxh4 37. Rd2 Ng6 38. Rfd1 Rc8 39. Bd3 Bh6 40.
c5 Bxd2 41. Bxd2 Rfd8 42. Bxa6 Rb8 43. Re1 bxc5 44. Bc3 cxb4 45. axb4 Nf4 46. Nc5 Ng6 47. g5 Rd6 48. Bc4 Rdb6 49. Rb1 Bc6 50. Rd1 Bb5 51. Bxb5 Rxb5 52. Rd7 Rc8 53. Kf2 Rbxc5 54. bxc5 Rxc5 55. Bd2 Rc4 56. Kf3 Ra4 57. Be3 Nh4+ 58. Ke2 Rxe4 59. Rd8+ Kg7 60. Kf2 Nf5 61. Bc5 Rc4 62. Ba3 Rc2+ 63.
Kg1 Nh4 64. Be7 Rxg2+ 65. Kf1 Ra2 66. Bf6+ Kg6 67. Rg8+ Kf5 68. Rh8 Nf3 69. Rf8 Ke4 70.
g6 fxg6 71. Be7 g5 72. Bc5 g4 73. Bf2 Ra1+ 74. Kg2 Ra2 75. Kg3 Nd4 76. Bg1 Nf5+ 77.
Kxg4 Rg2+ 78. Kh5 Rxg1 79. Re8 Rh1+ 80. Kg5 Rg1+ 81. Kf6 Kf4 82. Ra8 e4 83. Kxe6 Rg6+ 84. Kd5 Rd6+ 85. Kc5 e3 86. Ra4+ Kf3 87. Ra8 e2 88. Rf8 e1=Q 89. Rxf5+ Kg4 90. Kxd6 Kxf5 0-1

[Event "*** SCC Grand Prix: Titled Tuesday Blitz"]
[Site "Chess.com"]
[Date "2020.07.21"]
[Round "5"]
[White "natelleka"]
[Black "r31415"]
[Result "0-1"]
[WhiteElo "2145"]
[BlackElo "2445"]
[TimeControl "180+1"]
[EndTime "10:58:03 PDT"]
[Termination "r31415 won by resignation"]

1. d4 Nf6 2. Bf4 d5 3. e3 c5 4. c3 cxd4 5. exd4 Nc6 6. Nd2 Bg4 7. Qb3 Qc8 8. Ngf3 e6 9. Bd3 Be7 10. O-O Bh5 11. Rfe1 O-O 12. Ne5 Nxe5 13. Bxe5 Nd7 14. Bg3 Bg5 15. Qc2 Bg6 16. Bxg6 hxg6 17. Nf3 Be7 18. Qd3 a6 19. a4 Qc6 20. Ne5 Nxe5 21. Bxe5 Bd6 22. f4 Rfe8 23. Re2 Bf8 24. f5 gxf5 25. g4 f6 26. Bg3 fxg4 27. Qg6 f5 28.
Rae1 e5 29. Qxf5 exd4 30. Rxe8 Rxe8 31. Rxe8 Qxe8 32. Qxd5+ Kh8 33. Qxd4 Qe2 34. Qd8 Qe3+ 35. Kg2 Qf3+ 36. Kg1 Qe3+ 37. Kg2 Qc5 38. Qh4+ Kg8 39.
Qxg4 Qd5+ 40. Qf3 Qd2+ 41. Qf2 Qd5+ 42. Qf3 Qd2+ 43. Qf2 Qd1 44. Qd4 Qc2+ 45. Qf2 Qxa4 46. Qe2 Qc6+ 47. Qf3 Qd7 48. Bf4 Bc5 49. b4 Bb6 50. Bg3 Qd2+ 51. Kh3 Qh6+ 52. Kg2 Qd2+ 53. Kh3 Qd7+ 54. Kg2 Bd8 55. Qe3 Bf6 56. Be1 Qc6+ 57. Qf3 Qd7 58. Qe3 Qd5+ 59. Qf3 Qa2+ 60. Qf2 Qd5+ 61.
Qf3 Qg5+ 62. Qg3 Qb5 63. Qf3 Kh7 64. Qe4+ Kg8 65. Qe6+ Kh8 66. Qh3+ Kg8 67. Qe6+ Kf8 68. Qc8+ Kf7 69. Qc7+ Kg6 70. Qg3+ Kf7 71. Qc7+ Ke8 72. Qc8+ Ke7 73. Qc7+ Kf8 74. Qc8+ Ke7 75. Qc7+ Qd7 76.
Qxd7+ Kxd7 77. c4 Ke6 78. Kf3 Ke5 79. Ke3 Kf5 80. Kf3 g5 81. h3 Ke5 82. Bc3+ Kf5 83.
Bxf6 Kxf6 84. Kg4 Kg6 85. c5 Kf6 86. Kf3 Kf5 87. Kg3 Kf6 88. Kg4 Kg6 89. Kg3 Kh5 90. Kf3 Kh4 91. Kg2 g4 92. hxg4 Kxg4 93. Kf2 Kf4 94.
Ke2 Ke4 95. Kd2 Kd4 96. b5 axb5 97. Kc2 Kxc5 98. Kc3 b4+ 99. Kb3 Kb5 100. Kb2 Kc4 101. Kc2 b3+ 102. Kb2 Kb4 0-1

[Event "*** SCC Grand Prix: Titled Tuesday Blitz"]
[Site "Chess.com"]
[Date "2020.07.21"]
[Round "5"]
[White "seorobert1971"]
[Black "szachuspl"]
[Result "0-1"]
[WhiteElo "2678"]
[BlackElo "2562"]
[TimeControl "180+1"]
[EndTime "10:58:05 PDT"]
[Termination "szachuspl won on time"]

1. c4 Nf6 2. Nc3 g6 3. g3 Bg7 4. Bg2 O-O 5. Nf3 d6 6. O-O c5 7. d4 Nc6 8. d5 Na5 9. Nd2 a6 10. a4 Rb8 11. e4 e6 12. h3 exd5 13. cxd5 b5 14. axb5 axb5 15. f4 Re8 16. g4 b4 17.
Ne2 Ba6 18. Re1 Nd7 19. Qa4 Bxe2 20. Rxe2 Ra8 21. Kh1 Nb6 22. Qb5 Qd7 23. Rxa5 Rxa5 24. Qxa5 Nxd5 25. Nc4 Nf6 26. Qa6 Nxg4 27. Qxd6 Qc8 28.
hxg4 Qxg4 29. Qd3 Bd4 30. Be3 Rd8 31. Ne5 Qh4+ 32. Kg1 Bxe5 33. Bf2 Qe7 34. Qf3 Bd4 35. e5 Bxf2+ 36. Qxf2 c4 37. Kh2 c3 38. bxc3 bxc3 39. Qg3 Qc5 40. Rc2 Rc8 41. Qd3 Qb4 42. Kg3 h5 43. Bf3 Rc4 44. Qd8+ Kh7 45. Qf6 Rc7 46. Bd5 Qd4 47. Bf3 Qd3 48. Rc1 c2 49. f5 Qxf5 50. Qxf5 gxf5 51. Kf4 Kg6 52. Rg1+ Kh6 53. Rc1 Kg6 54. Be2 Rc3 55. Rg1+ Kh6 56. Rc1 Kg6 57. Bf3 h4 58. Bd5 h3 59. e6 fxe6 60. Bxe6 Kf6 61. Bxf5 h2 62. Be4 Rc4 63. Ke3 Ke5 64. Bd3 Rh4 65. Bxc2 h1=Q 66. Rxh1 Rxh1 67. Bd3 Rh3+ 68. Kd2 Kd4 69. Be2 Rh2 70. Kd1 Ke3 71. Bb5 Rb2 72. Bc4 Kd4 73. Be2 Ke3 74. Bc4 Rb4 75. Ba6 Ra4 76. Bb5 Ra5 77. Bc4 Rc5 78. Bb3 Rc3 79. Bc2 Ra3 80. Kc1 Kd4 81. Kb2 Rg3 82. Bb3 Kc5 83. Bc2 Kb4 84. Bb1 Rg2+ 85. Ka1 Kb3 86. Be4 Rf2 87. Bb1 Kc3 88. Be4 Re2 89. Bb1 Re6 90. Bf5 Ra6+ 91. Kb1 Ra5 92. Be4 Rb5+ 93. Kc1 Rb4 94. Bf5 Rf4 95. Bc2 Rf1+ 96. Bd1 Rg1 0-1

[Event "*** SCC Grand Prix: Titled Tuesday Blitz"]
[Site "Chess.com"]
[Date "2020.07.21"]
[Round "5"]
[White "Chesswizard_2007"]
[Black "Julianos82"]
[Result "1/2-1/2"]
[WhiteElo "2455"]
[BlackElo "2275"]
[TimeControl "180+1"]
[EndTime "10:58:16 PDT"]
[Termination "Game drawn by repetition"]

1. d4 d5 2. c4 dxc4 3. Nf3 c6 4. e3 Be6 5. a4 Nf6 6. Na3 c5 7. Bxc4 Bxc4 8. Nxc4 e6 9. O-O Nc6 10. Qe2 cxd4 11.
Rd1 Be7 12. Nxd4 Nxd4 13. Rxd4 Qc7 14. b3 O-O 15. Bb2 Rfd8 16. Rad1 Rxd4 17. Bxd4 Rd8 18. Bxa7 Rxd1+ 19. Qxd1 b5 20. Bb6 Qc6 21. axb5 Qxb5 22. Bd8 Bf8 23. Bxf6 gxf6 24. g3 f5 25. Qd3 Be7 26.
Qc3 Bf8 27. Qd3 Be7 28. Kg2 Bf8 29. h4 Be7 30. Qc2 Bf8 31. Nd2 Qd5+ 32. Nf3 Be7 33. Qc4 Qb7 34. Qd3 Bf8 35. Qd1 Be7 36. Kg1 Bf6 37.
Ng5 h6 38. Nh3 Be5 39. Nf4 Bxf4 40. exf4 Qe4 41. Qc1 Qb4 42. Qc4 Qe1+ 43. Kg2 Kg7 44.
b4 h5 45. b5 Qb1 46. Qd4+ f6 47. b6 Kg6 48. Kh2 Qb5 49. Qe3 Qb2 50. Kg1 Kf7 51. Kg2 Kg6 52. Qxe6 Qb5 53. Qg8+ Kh6 54. Qh8+ Kg6 55.
Qg8+ Kh6 56. Qd8 Kg6 57. Qd6 Kg7 58. Qc7+ Kg6 59. b7 Qd5+ 60. Kg1 Qd1+ 61. Kh2 Qd4 62. Qc2 Qb6 63. Qa2 Qxb7 64. Qg8+ Kh6 65. Qh8+ Kg6 66. Qe8+ Kh6 67. Qe6 Kg6 68. Kg1 Qf3 69. Qg8+ Kh6 70.
Qh8+ Kg6 71. Qe8+ Kh6 72. Qf7 Qc3 73. Qf8+ Kg6 74. Qe8+ Kh6 75. Qe3 Qc6 76. Qd2 Kg6 77. Qb2 Qf3 78. Qd2 Qc6 79. Qe3 Qd5 80. Qe8+ Kh6 81.
Qe3 Kg6 82. Kf1 Qc6 83. Ke2 Qb5+ 84. Qd3 Qc6 85. Kd2 Qb6 86. Qe3 Qb2+ 87. Ke1 Qb1+ 88. Ke2 Qb5+ 89. Qd3 Qb6 90. Kf1 Qc6 91. Qe3 Qh1+ 92.
Ke2 Qc6 93. Qd3 Qb6 94. Kf1 Qc6 95. Qe3 Qb5+ 96. Kg1 Qc6 97. Qa3 Qd5 98. Qe3 Qc6 99. Kf1 1/2-1/2

[Event "*** SCC Grand Prix: Titled Tuesday Blitz"]
[Site "Chess.com"]
[Date "2020.07.21"]
[Round "5"]
[White "Jospem"]
[Black "Micki-taryan"]
[Result "1/2-1/2"]
[WhiteElo "2846"]
[BlackElo "3041"]
[TimeControl "180+1"]
[EndTime "10:58:20 PDT"]
[Termination "Game drawn - insufficient material"]

1. e4 c5 2. Nf3 Nc6 3. d4 cxd4 4.
Nxd4 e5 5. Nb5 d6 6. N1c3 a6 7. Na3 b5 8. Nd5 Nge7 9. c4 Nxd5 10. exd5 Nd4 11. cxb5 Be7 12. Bd3 O-O 13. O-O Bb7 14.
Be3 Nxb5 15. Nxb5 axb5 16. Bxb5 f5 17. f3 Bg5 18. Bf2 Kh8 19. Qb3 Qf6 20. Rae1 Qf7 21. Rd1 h6 22. a4 Rfc8 23. Rfe1 Bd8 24. Qd3 Ba5 25. Rf1 Bb4 26. Kh1 Bc5 27. Qb3 Bxf2 28. Rxf2 Rc5 29. Rfd2 Rac8 30. h3 e4 31. fxe4 fxe4 32.
Rd4 Rc2 33. Qg3 Rxb2 34. Rf1 Qe7 35. Re1 Qe5 36. Qxe5 dxe5 37. Rdd1 Rb4 38. d6 Rd4 39.
Rc1 Rxc1 40. Rxc1 Rxd6 41. Rc7 Bd5 42. Re7 Be6 43. a5 e3 44. a6 Rd1+ 45. Kh2 Bd5 46.
Rxe5 Rd2 47. Kg3 Bxg2 48. Kf4 Ra2 49. h4 Ra5 50. Kxe3 Bc6 51. a7 Bxb5 52. Rxb5 Rxa7 53. h5 Ra4 54. Kf3 Rd4 55. Kg3 Rd3+ 56. Kg4 Kh7 57. Rb7 Rd1 58. Kh4 Rg1 59. Rc7 Rg5 60. Rd7 Rc5 61.
Re7 Rd5 62. Rc7 Kg8 63. Rb7 Kf8 64. Ra7 Rd4+ 65. Kh3 Rd5 66. Kh4 Rd4+ 67. Kh3 Re4 68. Kg3 Re7 69. Ra8+ Kf7 70. Ra5 Re4 71. Kh3 Kf6 72.
Ra6+ Kf7 73. Ra7+ Re7 74. Ra5 Kf6 75. Ra6+ Re6 76. Ra5 Re1 77. Ra6+ Kf5 78. Ra5+ Re5 79. Ra7 Kf6 80. Kh4 Re4+ 81. Kh3 Re6 82. Kh4 Rb6 83. Rc7 Re6 84. Rb7 Re4+ 85. Kh3 Rd4 86. Kg3 Kg5 87. Rxg7+ Kxh5 88. Re7 Rd3+ 89. Kh2 Kg4 90. Rg7+ Kf5 91. Rg8 h5 92. Rg7 Rd4 93. Rg8 Rd2+ 94. Kh3 Rd1 95. Kh2 h4 96. Rg7 Kf4 97. Rg8 Kf3 98. Rf8+ Kg4 99.
Rg8+ Kf5 100. Rf8+ Kg5 101. Rg8+ Kf6 102. Rf8+ Kg7 103. Rf4 Rd2+ 104. Kh3 Kg6 105. Rxh4 Kf5 106. Ra4 Rd3+ 107. Kg2 Rd5 108. Kf3 Ke5 109. Ke3 Kd6 110. Rd4 Rxd4 111. Kxd4 1/2-1/2

[Event "*** SCC Grand Prix: Titled Tuesday Blitz"]
[Site "Chess.com"]
[Date "2020.07.21"]
[Round "5"]
[White "amatatanav"]
[Black "Danfii"]
[Result "1/2-1/2"]
[WhiteElo "2501"]
[BlackElo "2357"]
[TimeControl "180+1"]
[EndTime "10:59:24 PDT"]
[Termination "Game drawn - insufficient material"]

1. e4 e5 2. Bc4 Nf6 3. d3 Nc6 4. Nc3 Na5 5. Bb3 Be7 6. f4 d6 7. Nf3 exf4 8. Ba4+ Bd7 9. Bxd7+ Qxd7 10. Bxf4 O-O 11.
Nd4 Rfe8 12. Nf5 Bf8 13. O-O d5 14. Bg5 Re6 15. Bxf6 Rxf6 16. Nxd5 Rg6 17. Qf3 Nc6 18. d4 Re8 19. c3 Nd8 20. Nf4 Rf6 21. Qg4 Ne6 22.
Nxe6 Qxe6 23. e5 Rg6 24. Qf3 c5 25. Qxb7 cxd4 26. cxd4 Qc4 27. b3 Qc2 28. Qf3 Qc7 29. Rf2 Qd7 30. Raf1 Kh8 31. g3 Rd8 32. Rc2 a5 33.
Rfc1 f6 34. Rc7 Qb5 35. e6 Rg5 36. g4 h5 37. h3 hxg4 38. hxg4 Qb4 39. R7c4 Qa3 40.
Re1 Be7 41. Nxe7 Qxe7 42. d5 Rgxd5 43. Rce4 Rd3 44. R1e3 Rd1+ 45. Kg2 R1d2+ 46. Re2 R2d3 47. R2e3 R3d6 48. Re2 Re8 49. Qh3+ Kg8 50. Qe3 Rc6 51. Rd2 Rd6 52. Rxd6 Qxd6 53. Kf3 Kf8 54. a3 Qxa3 55. Rc4 Qd6 56. Re4 Ke7 57. g5 Kf8 58. gxf6 gxf6 59. Qh6+ Ke7 60. Qg7+ Kd8 61. Qxf6+ Qe7 62.
Rd4+ Kc8 63. Qxe7 Rxe7 64. Rd6 Kc7 65. Ra6 Kb7 66. Rxa5 Rxe6 67. Kf4 Rb6 68. Ra3 Kc6 69. Ke4 Kc5 70. Kd3 Kb4 71. Ra1 Rd6+ 72. Kc2 Rc6+ 73. Kb2 Rh6 74. Ra4+ Kb5 75. Rg4 Rh3 76. Ka3 Rh1 77.
Rg6 Rh4 78. Rf6 Rh1 79. Rf5+ Kb6 80. Ka4 Rh4+ 81. b4 Rh1 82. Rb5+ Kc6 83. Rc5+ Kb6 84.
Rc4 Ra1+ 85. Kb3 Rb1+ 86. Ka3 Ra1+ 87. Kb2 Rh1 88. Re4 Rh2+ 89. Kb3 Rh1 90. Re6+ Kb5 91. Re5+ Kb6 92. Rf5 Rh2 93. Ka4 Ra2+ 94. Kb3 Rh2 95.
Rg5 Rh3+ 96. Kc4 Rh1 97. Rg6+ Kb7 98. Kb5 Rh5+ 99. Ka4 Rh1 100. Ka5 Ra1+ 101. Kb5 Rh1 102. Rg7+ Kb8 103. Rg8+ Kb7 104. Rg7+ Kb8 105. Ka5 Rh6 106. b5 Rf6 107. Re7 Rh6 108. Rf7 Rg6 109. Kb4 Rh6 110. Kc5 Rg6 111. Rd7 Rh6 112. Re7 Rg6 113. Kb4 Rh6 114. Ka5 Rg6 115. Re8+ Kb7 116. Re7+ Kb8 117. Re4 Rh6 118. Rc4 Rg6 119. Kb4 Rh6 120. Kc5 Kb7 121. Rd4 Rh5+ 122. Kb4 Kb6 123. Rd6+ Kb7 124. Rc6 Rh1 125. Rf6 Rb1+ 126. Kc5 Rc1+ 127. Kd4 Rd1+ 128. Kc3 Rc1+ 129. Kb2 Rc5 130. b6 Rb5+ 131. Kc3 Rxb6 132. Rxb6+ Kxb6 1/2-1/2

[Event "*** SCC Grand Prix: Titled Tuesday Blitz"]
[Site "Chess.com"]
[Date "2020.07.21"]
[Round "6"]
[White "tk22h"]
[Black "Ze-Pequeno"]
[Result "1-0"]
[WhiteElo "2302"]
[BlackElo "2232"]
[TimeControl "180+1"]
[EndTime "11:00:52 PDT"]
[Termination "tk22h won by resignation"]

1. c4 Nf6 2. Nc3 c5 3. Nf3 b6 4.
e3 d5 5. d4 cxd4 6. exd4 dxc4 7.
Bxc4 e6 8. Ne5 Be7 9. O-O O-O 10.
Qf3 Nd5 11. Nxd5 exd5 12. Bxd5 Bg4 1-0

[Event "*** SCC Grand Prix: Titled Tuesday Blitz"]
[Site "Chess.com"]
[Date "2020.07.21"]
[Round "6"]
[White "nikitakhoroshev"]
[Black "WeAintSurePal"]
[Result "1-0"]
[WhiteElo "2544"]
[BlackElo "2301"]
[TimeControl "180+1"]
[EndTime "11:00:59 PDT"]
[Termination "nikitakhoroshev won by resignation"]

1. d4 Nf6 2. c4 e6 3. Nc3 d5 4. Nf3 Be7 5. Bg5 h6 6. Bh4 O-O 7. e3 Ne4 8. Bxe7 Qxe7 9. Rc1 c6 10. Bd3 Nxc3 11. Rxc3 dxc4 12. Rxc4 Nd7 13. Bb1 e5 14.
Qc2 Re8 15. Qh7+ 1-0

[Event "*** SCC Grand Prix: Titled Tuesday Blitz"]
[Site "Chess.com"]
[Date "2020.07.21"]
[Round "6"]
[White "RenarddesSurfaces"]
[Black "Quiet_Desperation"]
[Result "1-0"]
[WhiteElo "2412"]
[BlackElo "2237"]
[TimeControl "180+1"]
[EndTime "11:01:34 PDT"]
[Termination "RenarddesSurfaces won by resignation"]

1. e4 c5 2. c3 d5 3. exd5 Qxd5 4. d4 cxd4 5. cxd4 Nc6 6. Nf3 Bg4 7.
Be2 O-O-O 8. Nc3 Qd6 9. O-O e6 10. Be3 Nf6 11. Rc1 Kb8 12. Nb5 Qb4 13. Bf4+ Kc8 14.
Nxa7+ 1-0

[Event "*** SCC Grand Prix: Titled Tuesday Blitz"]
[Site "Chess.com"]
[Date "2020.07.21"]
[Round "6"]
[White "ENEASZ"]
[Black "margarita_2703"]
[Result "1-0"]
[WhiteElo "2600"]
[BlackElo "2395"]
[TimeControl "180+1"]
[EndTime "11:01:38 PDT"]
[Termination "ENEASZ won by resignation"]

1. e4 Nf6 2. e5 Nd5 3. d4 d6 4.
c4 Nb6 5. exd6 cxd6 6. Nc3 g6 7. Be3 Bg7 8. Rc1 O-O 9. b3 e5 10. dxe5 dxe5 11. Qxd8 Rxd8 12. c5 Nd5 13. Rd1 Be6 14. Bc4 Nxc3 15. Rxd8+ Bf8 16. Bh6 1-0

[Event "*** SCC Grand Prix: Titled Tuesday Blitz"]
[Site "Chess.com"]
[Date "2020.07.21"]
[Round "6"]
[White "UKR_Master"]
[Black "felipelobo"]
[Result "1-0"]
[WhiteElo "2320"]
[BlackElo "2102"]
[TimeControl "180+1"]
[EndTime "11:02:26 PDT"]
[Termination "UKR_Master won by resignation"]

1. e4 c5 2. Nf3 d6 3. d4 cxd4 4. Nxd4 Nf6 5. f3 a6 6. c3 e5 7. Nb3 Be7 8. Be3 Be6 9. c4 Nbd7 10. Nc3 O-O 11. Qd2 Qc7 12. Nd5 Nxd5 13. cxd5 Nc5 14.
dxe6 Nxb3 15. exf7+ Rxf7 16. axb3 Rc8 17. Bc4 Bh4+ 18.
g3 b5 19. Bxf7+ Qxf7 20. gxh4 Qxf3 21. Rf1 Qxe4 22. Rxa6 d5 23. Qc3 Rxc3 24. Ra8+ 1-0

[Event "*** SCC Grand Prix: Titled Tuesday Blitz"]
[Site "Chess.com"]
[Date "2020.07.21"]
[Round "6"]
[White "hermionegrangermagic"]
[Black "jb2mix"]
[Result "0-1"]
[WhiteElo "2479"]
[BlackElo "2678"]
[TimeControl "180+1"]
[EndTime "11:02:28 PDT"]
[Termination "jb2mix won by resignation"]

1. e4 e5 2. Nf3 Nc6 3. d3 Bc5 4. g3 f5 5. exf5 d5 6. Qe2 Nf6 7. Nxe5 Nd4 8. Qd1 Qe7 9. Bf4 Bxf5 10. c3 Bg4 11. Qa4+ b5 12. cxd4 Bb4+ 13. Qxb4 Qxb4+ 14. Nd2 Qxd4 15. Bg2 g5 0-1

[Event "*** SCC Grand Prix: Titled Tuesday Blitz"]
[Site "Chess.com"]
[Date "2020.07.21"]
[Round "6"]
[White "kobemagic"]
[Black "Stormeman100100"]
[Result "1-0"]
[WhiteElo "2329"]
[BlackElo "2438"]
[TimeControl "180+1"]
[EndTime "11:03:06 PDT"]
[Termination "kobemagic won by resignation"]

1. c4 Nf6 2. g3 e5 3. Bg2 Bc5 4. e3 O-O 5. Nc3 a6 6. Nge2 d6 7. O-O Ba7 8. b4 Nc6 9. a3 Be6 10. Nd5 Qd7 11. Nxf6+ gxf6 12. f4 Bh3 13. Qe1 Bxg2 14. Kxg2 Kh8 15. Qf2 e4 16. Bb2 Qe6 17. Kh1 Rg8 18. b5 axb5 19. cxb5 Na5 20. f5 Qe7 21.
Nf4 Nc4 22. Nd5 Qd8 23. Bxf6+ Qxf6 24. Nxf6 Rg7 25. Rac1 1-0